 Dungeon Crawl Stone Soup version 0.29-a0-1027-gcd8c55af63 (webtiles) character file.

Game seed: 18326417674577067038

88 ragingrage the Chopper (level 4, -3/39 HPs)
             Began as a Minotaur Delver on Aug 13, 2022.
             Slain by Terence
             ... wielding a +0 flail
              (8 damage)
             ... on level 2 of the Dungeon.
             The game lasted 00:01:17 (1261 turns).

ragingrage the Chopper (Minotaur Delver)            Turns: 1261, Time: 00:01:18

Health: -3/39      AC:  3    Str: 18    XL:     4   Next: 29%
Magic:  3/3        EV: 12    Int:  7    God:
Gold:   114        SH:  0    Dex: 12    Spells: 3/3 levels left

rFire   . . .      SeeInvis .   k - +0 whip (elec)
rCold   . . .      Faith    .   (no shield)
rNeg    . . .      Spirit   .   b - +0 leather armour
rPois   .          Reflect  .   (helmet restricted)
rElec   .          Harm     .   (no cloak)
rCorr   .          Rampage  .   (no gloves)
Will    .....                   (no boots)
Stlth   ++........              (no amulet)
HPRegen 0.13/turn               (no ring)
MPRegen 0.08/turn               (no ring)

@: hasted, very quick
A: horns 2, retaliatory headbutt
a: no special abilities


You were on level 2 of the Dungeon.
You visited 1 branch of the dungeon, and saw 4 of its levels.

You collected 114 gold pieces.

Inventory:

Hand Weapons
 a - a +0 hand axe
 k - a +0 whip of electrocution (weapon)
Armour
 b - a +0 leather armour (worn)
Wands
 g - a wand of digging (3)
Scrolls
 c - a scroll of fog
 d - a scroll of magic mapping
 e - a scroll of fear
 h - 3 scrolls of silence {unknown}
 j - a scroll of teleportation {unknown}
 n - a scroll of summoning {unknown}
 q - a scroll of poison {unknown}
Potions
 i - a potion of mutation {unknown}
 l - 2 potions of ambrosia {unknown}
 m - 2 potions of invisibility {unknown}
 o - a potion of magic {unknown}
 p - a potion of attraction {unknown}


   Skills:
 - Level 3.6 Fighting
 * Level 5.6 Axes
 - Level 2.1 Dodging
 - Level 4.1 Stealth


You had 3 spell levels left.
You didn't know any spells.
Your spell library was empty.

Dungeon Overview and Level Annotations

Branches:
Dungeon (5/15)
 Temple: D:4-7

Altars:

Shops:
D:2 (

Annotations:
D:2 Terence


Innate Abilities, Weirdness & Mutations

You have a pair of horns on your head.
You reflexively headbutt those who attack you in melee.


Message History

Found a book of Debilitation.
You barely miss the hobgoblin. The hobgoblin barely misses you.
You hit Terence but do no damage. The hobgoblin misses you.
Terence hits you with a +0 flail.
You hit Terence. Your headbutt misses Terence.
Terence is lightly wounded.
The hobgoblin barely misses you. Terence hits you with a +0 flail!
You are too injured to fight recklessly!
You are too injured to fight recklessly!
There are monsters nearby!
The hobgoblin attacks as you move away! The hobgoblin misses you.
You furiously retaliate!
You headbutt the hobgoblin!
You kill the hobgoblin!
The hobgoblin attacks as you move away!
The hobgoblin hits you but does no damage.
The hobgoblin attacks as you move away! The hobgoblin hits you.
The hobgoblin attacks as you move away!
The hobgoblin hits you but does no damage.
The hobgoblin attacks as you move away! The hobgoblin completely misses you.
You furiously retaliate!
You headbutt the hobgoblin. The hobgoblin attacks as you move away!
The hobgoblin barely misses you. You furiously retaliate!
You headbutt the hobgoblin!
You kill the hobgoblin!
There is a stone staircase leading down here.
Terence attacks as you move away! Terence hits you with a +0 flail.
Terence bares his teeth.
You hit Terence but do no damage.
Terence is lightly wounded.
Terence closely misses you.
You hit Terence but do no damage.
Terence is lightly wounded.
A goblin breaks down the door.
Terence hits you with a +0 flail!
You hit Terence but do no damage. Your headbutt misses Terence.
Terence is lightly wounded.
Terence hits you with a +0 flail.
* * * LOW HITPOINT WARNING * * *
You feel yourself speed up. The goblin hits you with a +0 club.
* * * LOW HITPOINT WARNING * * *
Terence hits you with a +0 flail!
You die...

..
#####+##.B
#...#.≈...
#@###.≈≈#
###@g..∩..+
#..>#≈≈.###
#.....≈.#
#.....#+##
#........#
#........#
#.....†..+
##.......#


You could see Terence and a goblin.

Vanquished Creatures
  An orc wizard (D:3)
  3 adders
  A worm (D:3)
  9 orcs
  2 endoplasms (D:3)
  2 hobgoblins (D:2)
  A quokka (D:2)
  3 ball pythons
  2 bats
  A goblin (D:4)
  A rat (D:3)
26 creatures vanquished.

Notes
Turn   | Place    | Note
-------+----------+-------------------------------------------
     0 | D:5      | ragingrage the Minotaur Delver began the quest for the Orb.
     0 | D:5      | Reached XP level 1. HP: 19/19 MP: 0/0
   114 | D:3      | Reached skill level 3 in Axes
   209 | D:3      | Noticed an orc wizard
   371 | D:4      | Reached XP level 2. HP: 26/26 MP: 1/1
   545 | D:4      | Reached skill level 4 in Axes
   564 | D:3      | Reached XP level 3. HP: 27/31 MP: 2/2
   750 | D:3      | Reached skill level 5 in Axes
   759 | D:3      | Reached XP level 4. HP: 15/39 MP: 3/3
  1232 | D:2      | Found Egie's Weapon Shoppe.
  1239 | D:2      | Noticed Terence
  1261 | D:2      | Slain by Terence

Illustrated notes

Levels and vault maps discovered:
D:2:      layout_basic, serial_shops, nicolae_shop_behind_doors, shop_fountains,
          shop, nicolae_shop_hallway_plus, uniq_terence
D:3:      layout_basic, hex_intersection
D:4:      layout_basic, uniq_duvessa
D:5:      layout_basic, chequers_temple_overflow_statue_of_worship,
          temple_doors_e

Skill      XL: |  1  2  3 |
---------------+----------+-----
Axes           | 3 4 5 |  5.6
Fighting       | |  3.6
Dodging        | |  2.1
Stealth        | |  4.1

Action                   |  1- 3 |  4- 6 || total
-------------------------+-------+-------++-------
Melee: Whip              |    47 |    23 ||    70
       Headbutt          |     4 |     2 ||     6
       Punch             |     1 |     1 ||     2
  Use: Potion            |       |     1 ||     1
 Stab: Sleeping          |     3 |     1 ||     4
Armor: Leather armour    |     6 |     5 ||    11
Dodge: Dodged            |    18 |    16 ||    34

Table legend: (Time is in decaauts)
 A = Elapsed time spent in this place.
 B = Non-inter-level travel time spent in this place.
 C = Inter-level travel time spent in this place.
 D = Time resting spent in this place.
 E = Time spent auto-exploring this place.
 F = Levels seen in this place.
 G = Mean time per level.
                   A        B        C        D        E       F      G
               +--------+--------+--------+--------+--------+-----+--------+
         Total |   1257 |   1224 |     33 |    275 |    694 |   4 |  314.2 |
       Dungeon |   1257 |   1224 |     33 |    275 |    694 |   4 |  314.2 |
               +--------+--------+--------+--------+--------+-----+--------+

Top non-repeatable levels by time:
     D:3: 785 daAuts
     D:4: 418 daAuts
     D:2: 31 daAuts
     D:5: 22 daAuts
